 Dungeon Crawl Stone Soup version 0.31-a0-691-g409c26aa35 (webtiles) character file.

Game seed: 5359369162651509881

327 qw the Shooter (level 6, -2/39 HPs)
             Began as a Gargoyle Hunter on Sept 6, 2023.
             Slain by an ice beast (14 damage)
             ... on level 5 of the Dungeon.
             The game lasted 00:01:19 (2789 turns).

qw the Shooter (Gargoyle Hunter)                    Turns: 2789, Time: 00:01:19

Health: -2/39      AC:  9    Str: 15    XL:     6   Next: 50%
Magic:  6/6        EV: 16    Int:  9    God:
Gold:   234        SH:  5    Dex: 19    Spells: 5/5 levels left

rFire   + . .        Y - +1 shortbow
rCold   . . .        (shield currently unavailable)
rNeg    + . .        d - +0 ring mail
rPois   inf          (no helmet)
rElec   +            (no cloak)
rCorr   +            (no gloves)
SInv    .            (no boots)
Will    .....        m - amulet of reflection
Stlth   +            j - +5 ring of evasion
HPRegen 0.26/turn    k - ring of Qivu {*Slow rPois rF+ rCorr Dex+4}
MPRegen 0.10/turn

%: slow self (1%), reflection
@: no status effects
A: sickness immunity, AC +4, negative energy resistance 1, electricity
resistance, torment resistance 1, petrification resistance
a: no special abilities


You were on level 5 of the Dungeon.
You visited 1 branch of the dungeon, and saw 5 of its levels.

You collected 234 gold pieces.


Innate Abilities, Weirdness & Mutations

You are immune to sickness and miasma.
Your stone body is resilient. (AC +4)
You are immune to poison.
You resist negative energy. (rN+)
You are resistant to electric shocks. (rElec)
You are resistant to unholy torment.
You are immune to petrification.


   Skills:
 - Level 4.6 Fighting
 + Level 6.4 Ranged Weapons
 - Level 1.2 Armour
 - Level 1.5 Dodging
 - Level 1.1 Stealth


You had 5 spell levels left.
You didn't know any spells.
Your spell library was empty.

Inventory:

Hand Weapons
 Y - a +1 shortbow (weapon)
Armour
 d - a +0 ring mail (worn)
Jewellery
 i - a ring of see invisible
 j - a +5 ring of evasion (left hand)
 k - the ring of Qivu (right hand) {*Slow rPois rF+ rCorr Dex+4}
   (You found it on level 3 of the Dungeon)

   [ring of poison resistance]

   Dex+4:     It affects your dexterity (+4).
   rF+:       It protects you from fire.
   rPois:     It protects you from poison rCorr: It protects you from acid and
   corrosion.
   *Slow:     It may slow you when you take damage.
 m - an amulet of reflection (around neck)
Scrolls
 a - 2 scrolls of teleportation
 b - a scroll of identify
Potions
 f - a potion of heal wounds
 g - a potion of curing
 h - a potion of attraction {unknown}
 l - a potion of enlightenment {unknown}

Dungeon Overview and Level Annotations

Branches:
Dungeon (5/15)
 Temple: D:4-7

Altars:
Elyvilon
Gozag
Vehumet

Shops:
D:3 :


Message History

The arrow hits the orc priest!
You kill the orc priest!
The ice beast misses you.
You shoot an arrow. The arrow hits the ice beast.
The ice beast is moderately wounded.
You block the ice beast's attack.
You shoot an arrow. The arrow closely misses the ice beast.
The ice beast misses you.
You shoot an arrow. The arrow closely misses the ice beast.
You block the ice beast's attack.
You shoot an arrow. The arrow hits the ice beast!
The ice beast is heavily wounded.
You block the ice beast's attack.
An ice beast comes into view.
You shoot an arrow. The arrow closely misses the ice beast.
The ice beast closely misses you. The ice beast misses you.
You shoot an arrow. The arrow barely misses the ice beast.
The arrow hits the ice beast.
The ice beast is lightly wounded.
The ice beast closely misses you.
You shoot an arrow.
The arrow hits the ice beast but does no damage.
The ice beast is heavily wounded.
The ice beast closely misses you.
You shoot an arrow. The arrow barely misses the ice beast.
The arrow hits the ice beast.
The ice beast is lightly wounded.
The ice beast misses you.
You shoot an arrow. The arrow hits the ice beast.
The ice beast is severely wounded.
The ice beast hits you but does no damage.
You shoot an arrow.
The arrow hits the ice beast but does no damage.
The ice beast is severely wounded.
The ice beast barely misses you. You block the ice beast's attack.
You shoot an arrow.
The arrow hits the ice beast but does no damage.
The ice beast is severely wounded.
The ice beast hits you. The ice beast freezes you!
You die...

.. ##.# #... #...
#... ####...#####
.#.
...........####.....
.......<..YY@...#
...........####...#
####...##### .#
..... ###... #...
.... #.##.


You could see 2 ice beasts.

Vanquished Creatures
  A scorpion (D:4)
  A hound (D:4)
  An orc priest (D:5)
  A sleepcap (D:4)
  6 adders
  4 gnolls (D:4)
  2 ufetubi
  3 worms
  A dart slug (D:2)
  7 orcs (D:4)
  10 ball pythons
  11 endoplasms
  2 giant cockroaches
  5 goblins
  3 hobgoblins
  5 quokkas
  A bat (D:3)
  A frilled lizard (D:2)
  8 kobolds
  3 rats
76 creatures vanquished.

Notes
Turn   | Place    | Note
-------+----------+-------------------------------------------
     0 | D:1      | qw the Gargoyle Hunter began the quest for the Orb.
     0 | D:1      | Reached XP level 1. HP: 12/12 MP: 1/1
     0 | D:1      | 0 ||| qw: Version: 0.3-a-76-g4403597
     0 | D:1      | 0 ||| qw: Game counter: 235
     0 | D:1      | 0 ||| qw: Melee chars always use a shield: true
     0 | D:1      | 0 ||| qw: God list: Okawaru
     0 | D:1      | 0 ||| qw: Allow faded altars: false
     0 | D:1      | 0 ||| qw: Do Orc after clearing Dungeon:15 true
     0 | D:1      | 0 ||| qw: Do second Lair branch before Depths: true
     0 | D:1      | 0 ||| qw: Lair rune preference: random
     0 | D:1      | 0 ||| qw: Goals: Normal
     0 | D:1      | 0 ||| PLANNING D:1-11
   189 | D:1      | 189 ||| Stepping ~*~*~tactically~*~*~ (outnumbered).
   196 | D:1      | HP: 3/12 [kobold/+0 dagger (1)]
   401 | D:1      | Reached XP level 2. HP: 17/17 MP: 2/2
   516 | D:1      | Found a faded altar of an unknown god.
   667 | D:1      | 667 ||| UPGRADING to +5 ring of evasion.
   668 | D:1      | 668 ||| READING scroll labelled LEBYOQEAMN.
   669 | D:1      | 669 ||| READING scroll labelled NEVEBYLL MAAP.
   670 | D:1      | 670 ||| READING scroll labelled QUORYAS ROOLER.
   671 | D:1      | 671 ||| READING scroll labelled ZIOJUNN HONWU.
   672 | D:1      | 672 ||| READING scroll labelled ERPHECK DACU.
   673 | D:1      | 673 ||| READING scroll labelled NIZECULODUN.
   774 | D:1      | 774 ||| DROPPING scroll of butterflies.
   814 | D:2      | 814 ||| STAIRDANCE
   854 | D:2      | Reached XP level 3. HP: 21/21 MP: 3/3
   920 | D:2      | Reached skill level 5 in Ranged Weapons
  1030 | D:2      | Found an opulent altar of Gozag.
  1240 | D:2      | 1240 ||| UPGRADING to +0 ring mail.
  1250 | D:2      | 1250 ||| DROPPING +0 leather armour.
  1251 | D:2      | 1251 ||| READING 2 scrolls labelled AHEPHU LEJI.
  1256 | D:2      | 1256 ||| READING 4 scrolls labelled MUASTA DANAS.
  1257 | D:2      | 1257 ||| READING scroll labelled KEMUSATSOOF.
  1258 | D:2      | 1258 ||| READING 3 scrolls of identify.
  1258 | D:2      | 1258 ||| IDENTIFYING bubbling inky potion
  1259 | D:2      | 1259 ||| READING 2 scrolls of identify.
  1259 | D:2      | 1259 ||| IDENTIFYING amethyst potion
  1306 | D:3      | Found Ete Niur's Book Boutique.
  1335 | D:3      | Reached skill level 1 in Armour
  1335 | D:3      | Reached XP level 4. HP: 27/27 MP: 4/4
  1336 | D:3      | Reached skill level 3 in Fighting
  1514 | D:3      | Found a white marble altar of Elyvilon.
  1658 | D:3      | Identified the ring of Qivu {*Slow rPois rF+ rCorr Dex+4}
  1661 | D:3      | Found a radiant altar of Vehumet.
  1728 | D:3      | 1728 ||| DROPPING amulet of magic regeneration.
  1729 | D:3      | 1729 ||| UPGRADING to amulet of the acrobat.
  1734 | D:3      | 1734 ||| UPGRADING to ring of Qivu {*Slow rPois rF+ rCorr
                  | Dex+4}.
  1735 | D:3      | 1735 ||| READING 3 scrolls of identify.
  1735 | D:3      | 1735 ||| IDENTIFYING fizzy inky potion
  1736 | D:3      | 1736 ||| READING 2 scrolls of identify.
  1736 | D:3      | 1736 ||| IDENTIFYING sedimented emerald potion
  1737 | D:3      | 1737 ||| DROPPING potion of lignification.
  1738 | D:3      | 1738 ||| DROPPING potion of ambrosia.
  1913 | D:4      | Reached XP level 5. HP: 32/32 MP: 5/5
  2064 | D:4      | Reached skill level 6 in Ranged Weapons
  2387 | D:4      | Reached XP level 6. HP: 39/39 MP: 6/6
  2692 | D:4      | 2692 ||| UPGRADING to amulet of reflection.
  2702 | D:4      | 2702 ||| DROPPING amulet of the acrobat.
  2703 | D:4      | 2703 ||| DROPPING +6 ring of strength.
  2704 | D:4      | 2704 ||| READING scroll labelled URUINN XECOEGAMOUG.
  2705 | D:4      | 2705 ||| READING 2 scrolls of identify.
  2705 | D:4      | 2705 ||| IDENTIFYING viscous green potion
  2706 | D:4      | 2706 ||| DROPPING potion of brilliance.
  2740 | D:5      | Entered Level 5 of the Dungeon
  2746 | D:5      | 2746 ||| STAIRDANCE
  2751 | D:5      | 2751 ||| STAIRDANCE
  2760 | D:5      | 2760 ||| STAIRDANCE
  2760 | D:5      | Noticed an ice beast
  2768 | D:5      | 2768 ||| RETREATING.
  2769 | D:5      | 2769 ||| Stepping ~*~*~tactically~*~*~ (retreating).
  2771 | D:5      | 2771 ||| Stepping ~*~*~tactically~*~*~ (retreating).
  2772 | D:5      | 2772 ||| Stepping ~*~*~tactically~*~*~ (retreating).
  2773 | D:5      | 2773 ||| Stepping ~*~*~tactically~*~*~ (retreating).
  2782 | D:5      | Noticed an ice beast
  2789 | D:5      | Slain by an ice beast

Levels and vault maps discovered:
D:1:      mainiacjoe_arrival_reflecting_pool, layout_loops_cross,
          hellmonk_ecumenical_altar_lost_god
D:2:      layout_basic, minmay_hexomino_r4
D:3:      layout_basic, elyvilon_altar_5, lemuel_crystal_altar, serial_shops,
          shop
D:4:      minmay_diamond_boxcup, layout_loops_corners, minmay_distorted
D:5:      layout_loops_cross, minmay_temple_entry_sparse_star, serial_shops,
          nicolae_shop_crystal, dreamdust_princess_corridor, nrook_mini_vaults,
          kennysheep_generic_room_3

Skill      XL: |  1  2  3  4  5 |
---------------+----------------+-----
Ranged Weapons | 5 6 |  6.4
Armour         | 1 |  1.2
Fighting       | 3 4 |  4.6
Dodging        | |  1.5
Stealth        | |  1.1

Action                     |  1- 3 |  4- 6 || total
---------------------------+-------+-------++-------
   Fire: Shortbow          |   101 |   198 ||   299
    Use: Scroll            |    11 |     4 ||    15
 Armour: Leather armour    |    15 |       ||    15
         Ring mail         |       |    47 ||    47
  Dodge: Dodged            |    22 |   112 ||   134
  Block: Other             |       |     8 ||     8

Table legend:
 A = Non-vault XP
 B = Vault XP
 C = Vault XP percentage of total XP
 D = Non-vault monster count
 E = Vault monster count
 F = Vault count percentage of total count
                 A         B        C        D         E       F
            +---------+---------+-------+---------+---------+-------
      Total |     374 |      94 |  20.1 |      62 |      14 |  18.4
            +---------+---------+-------+---------+---------+-------
        D:1 |      18 |       0 |   0.0 |      10 |       0 |   0.0
        D:2 |      35 |      16 |  31.4 |      15 |       3 |  16.7
        D:3 |      36 |       0 |   0.0 |       6 |       0 |   0.0
        D:4 |     236 |      78 |  24.8 |      29 |      11 |  27.5
        D:5 |      49 |       0 |   0.0 |       2 |       0 |   0.0
            +---------+---------+-------+---------+---------+-------
